 Dungeon Crawl Stone Soup version 0.27.0-1-g7a089689b8 (webtiles) character file.

Game seed: 17369391790858717253

56 PBDoughboyy the Grasshopper (level 3, -1/31 HPs)
             Began as a Gnoll Warper on Aug 11, 2021.
             Was an Initiate of Ru.
             Slain by Grinder (5 damage)
             ... while paralysed by Grinder
             ... on level 3 of the Dungeon.
             The game lasted 00:09:53 (2433 turns).

PBDoughboyy the Grasshopper (Gnoll Warper)          Turns: 2433, Time: 00:09:54

Health: -1/31      AC:  5    Str: 10    XL:     3   Next: 97%
Magic:  9/9        EV:  2    Int: 13    God:    Ru [......]
Gold:   106        SH:  0    Dex: 11    Spells: 10/12 levels left

rFire    . . .     SeeInvis +   v - +0 whip (flame)
rCold    . . .     Faith    .   (no shield)
rNeg     . . .     Spirit   .   b - +0 leather armour
rPois    .         Reflect  .   w - +0 helmet
rElec    .         Harm     .   (no cloak)
rCorr    .         Rampage  .   (no gloves)
Will     .....                  l - +0 pair of boots
Stlth    +.........             (no amulet)
HPRegen  0.10/turn              k - ring of see invisible
MPRegen  0.11/turn              (no ring)

@: paralysed
A: fangs 1, strong nose, distributed training
a: Renounce Religion, Sacrifice Artifice, Sacrifice Experience, Sacrifice Love,
Reject Sacrifices


You were on level 3 of the Dungeon.
You worshipped Ru.
Ru was noncommittal.
You visited 1 branch of the dungeon, and saw 3 of its levels.

You collected 106 gold pieces.

Inventory:

Hand Weapons
 a - a +0 falchion
 c - a +0 rapier
 v - a +0 whip of flaming (weapon)
Missiles
 d - 5 boomerangs of dispersal
 e - 19 poisoned darts (quivered)
 s - 5 boomerangs
Armour
 b - a +0 leather armour (worn)
 l - a +0 pair of boots (worn)
 w - a +0 helmet (worn)
Jewellery
 k - a ring of see invisible (left hand)
Wands
 t - a wand of paralysis (8)
Scrolls
 f - a scroll of noise {unknown}
 g - a scroll of identify {unknown}
 h - a scroll of fear {unknown}
 m - a scroll of fog {unknown}
 r - 2 scrolls of magic mapping {unknown}
 u - 2 scrolls of teleportation {unknown}
Potions
 i - a potion of mutation {unknown}
 j - a potion of curing {unknown}
 n - a potion of attraction {unknown}
 o - a potion of berserk rage {unknown}
 p - a potion of flight {unknown}
 q - a potion of ambrosia {unknown}


   Skills:
 + Level 4.6 Fighting
 + Level 1.0 Short Blades
 + Level 4.6 Long Blades
 + Level 1.0 Axes
 + Level 1.0 Maces & Flails
 + Level 1.0 Polearms
 + Level 1.0 Staves
 + Level 1.0 Slings
 + Level 1.0 Bows
 + Level 1.0 Crossbows
 + Level 2.7 Throwing
 + Level 2.7 Armour
 + Level 4.6 Dodging
 + Level 1.0 Stealth
 + Level 1.0 Shields
 + Level 1.0 Unarmed Combat
 + Level 5.0 Spellcasting
 + Level 0.7 Conjurations
 + Level 0.7 Hexes
 + Level 0.7 Summonings
 + Level 0.7 Necromancy
 + Level 5.4 Translocations
 + Level 0.7 Transmutations
 + Level 0.7 Fire Magic
 + Level 0.7 Ice Magic
 + Level 0.7 Air Magic
 + Level 0.7 Earth Magic
 + Level 0.7 Poison Magic
 + Level 1.1 Invocations
 + Level 1.0 Evocations


You had 10 spell levels left.
You knew the following spells:

 Your Spells              Type           Power      Damage    Failure   Level
a - Blink                 Tloc           N/A        N/A       4%          2

Your spell library contained the following spells:

 Spells                   Type           Power      Damage    Failure   Level
 Gell's Gravitas          Tloc           8%         N/A       8%          3
 Lesser Beckoning         Tloc           8%         N/A       8%          3
 Teleport Other           Tloc           17%        N/A       8%          3
 Sting                    Tmut/Pois      20%        1d4       19%         1
 Poisonous Vapours        Pois/Air       10%        N/A       26%         2
 Stone Arrow              Conj/Erth      10%        3d7       47%         3
 Manifold Assault         Tloc           17%        N/A       58%         5
 Animate Armour           Summ/Erth      10%        N/A       87%         4
 Olgreb's Toxic Radiance  Pois           5%         N/A       87%         4
 Lehudib's Crystal Spear  Conj/Erth      2%         10d2      100%        8


Dungeon Overview and Level Annotations

Branches:
Dungeon (3/15)

Altars:
Ru

Shops:
D:3 :

Annotations:
D:3 Grinder


Innate Abilities, Weirdness & Mutations

You have very sharp teeth.
Your uncanny sense of smell can sniff out nearby items.
Your experience applies equally to all skills.


Message History

Throw: 18 darts (poison)
Press: ? - help, Q - select action, (/) - cycle Shift-Dir - straight line, f/p - endoplasm
Aim: an endoplasm (86% to hit)
You throw a poisoned dart. The poisoned dart hits the endoplasm.
Unknown command.
You hit the endoplasm. You burn the endoplasm.
The endoplasm is heavily wounded.
The endoplasm hits you.
You hit the endoplasm. You burn the endoplasm.
You kill the endoplasm!
You start resting.
Grinder is nearby!
Grinder blinks!
Found a short sword.
e - 18 poisoned darts (gained 1)
You see here a poisoned dart.
e - 19 poisoned darts (gained 1)
An adder comes into view.
Grinder blinks!
There is a stone staircase leading up here.
You hit Grinder. You burn Grinder.
Grinder is moderately wounded.
Grinder barely misses you.
You barely miss Grinder.
Grinder is moderately wounded.
Grinder hits you.
You writhe in agony.
You hit Grinder but do no damage. Your bite misses Grinder.
Grinder is moderately wounded.
Grinder hits you.
You writhe in agony.
You hit Grinder but do no damage.
Grinder is moderately wounded.
Grinder gestures at you.
You suddenly lose the ability to move!
Grinder hits you. Grinder hits you but does no damage. Grinder hits you!
* * * LOW HITPOINT WARNING * * *
Grinder barely misses you. Grinder hits you.
You die...

#. #.#.. #.## ....#
#... ....#
##..####...###
#.#.(.....S... #..#
##...## ##.###.....#
#. #.##).# # ∆ #.
#@#...# ..
#.######.5#..###.# #
#................#
#.##....<##..#.#.####
#........##.#...##
###.....##......####
##........###.#...
#..###...###.... #.)#
#.#.##..#..


You could see Grinder.

Vanquished Creatures
  An adder (D:3)
  A dart slug (D:1)
  2 orcs (D:3)
  5 ball pythons
  4 bats
  6 endoplasms
  4 giant cockroaches (D:1)
  A goblin (D:2)
  2 hobgoblins
  3 quokkas
  A frilled lizard (D:1)
  6 kobolds
  2 rats (D:1)
38 creatures vanquished.

Notes
Turn   | Place    | Note
-------+----------+-------------------------------------------
     0 | D:1      | PBDoughboyy the Gnoll Warper began the quest for the Orb.
     0 | D:1      | Reached XP level 1. HP: 20/20 MP: 6/6
    71 | D:1      | Reached XP level 2. HP: 23/26 MP: 7/7
   501 | D:1      | Reached XP level 3. HP: 31/31 MP: 9/9
   522 | D:1      | Reached skill level 5 in Spellcasting
   757 | D:2      | Learned a level 2 spell: Blink
   797 | D:2      | Found a faded altar of an unknown god.
   806 | D:2      | Became a worshipper of Ru the Awakened
  1587 | D:3      | Noticed a scorpion
  1614 | D:3      | Noticed Grinder
  2102 | D:3      | Reached skill level 1 in Invocations
  2137 | D:3      | Reached skill level 1 in Short Blades
  2137 | D:3      | Reached skill level 1 in Axes
  2137 | D:3      | Reached skill level 1 in Maces & Flails
  2137 | D:3      | Reached skill level 1 in Polearms
  2137 | D:3      | Reached skill level 1 in Staves
  2137 | D:3      | Reached skill level 1 in Slings
  2137 | D:3      | Reached skill level 1 in Bows
  2137 | D:3      | Reached skill level 1 in Crossbows
  2137 | D:3      | Reached skill level 1 in Stealth
  2137 | D:3      | Reached skill level 1 in Shields
  2137 | D:3      | Reached skill level 1 in Unarmed Combat
  2137 | D:3      | Reached skill level 1 in Evocations
  2223 | D:3      | Found Daowka's Book Boutique.
  2428 | D:3      | Paralysed by Grinder for 6 turns
  2433 | D:3      | Slain by Grinder

Illustrated notes

Levels and vault maps discovered:
D:1:      amcnicky_arrival_feature_with_door, layout_rooms
D:2:      layout_basic, ebering_ecumenical_altar_petrified, dk_vineyard_3
D:3:      layout_loops_ring, serial_shops, nicolae_shop_statue_plus,
          uniq_grinder

Skill      XL: |  1  2  3 |
---------------+----------+-----
Spellcasting   | 5 |  5.0
Invocations    | 1 |  1.1
Short Blades   | 1 |  1.0
Axes           | 1 |  1.0
Maces & Flails | 1 |  1.0
Polearms       | 1 |  1.0
Staves         | 1 |  1.0
Slings         | 1 |  1.0
Bows           | 1 |  1.0
Crossbows      | 1 |  1.0
Stealth        | 1 |  1.0
Shields        | 1 |  1.0
Unarmed Combat | 1 |  1.0
Evocations     | 1 |  1.0
Fighting       | |  4.6
Long Blades    | |  4.6
Throwing       | |  2.7
Armour         | |  2.7
Dodging        | |  4.6
Conjurations   | |  0.7
Hexes          | |  0.7
Summonings     | |  0.7
Necromancy     | |  0.7
Translocations | |  5.4
Transmutations | |  0.7
Fire Magic     | |  0.7
Ice Magic      | |  0.7
Air Magic      | |  0.7
Earth Magic    | |  0.7
Poison Magic   | |  0.7

Action                   || total
-------------------------++-------
Melee: Falchion          ||    72
       Bite              ||    14
       Whip              ||    42
       Rapier            ||     2
Throw: Dart              ||    38
 Cast: Blink             ||     3
  Use: Scroll            ||     1
Armor: Leather armour    ||    26
Dodge: Dodged            ||    62
       Rpst.: Falchion   ||    14
